 Dungeon Crawl Stone Soup version 0.29.0-11-gd7f09526c8 (webtiles) character file.

Game seed: 7190691393143911925

63 Zeldest the Ruffian (level 3, 0/42 HPs)
             Began as a Draconian Transmuter on Sept 5, 2022.
             Slain by a quokka (4 damage)
             ... on level 3 of the Dungeon.
             The game lasted 00:02:05 (1797 turns).

Zeldest the Ruffian (Draconian Transmuter)          Turns: 1797, Time: 00:02:06

Health: 0/42       AC: 21    Str: 12    XL:     3   Next: 87%
Magic:  2/6        EV:  2    Int: 15    God:
Gold:   125        SH:  0    Dex: 11    Spells: 3/6 levels left

rFire   . . .      SeeInvis .     - Unarmed
rCold   . . .      Faith    .   (no shield)
rNeg    . . .      Spirit   .   (body armour unavailable)
rPois   +          Reflect  .   (helmet currently unavailable)
rElec   .          Harm     .   (cloak currently unavailable)
rCorr   .          Rampage  .   (gloves currently unavailable)
Will    .....      NoTele   +   (boots currently unavailable)
Stlth   +.........              (no amulet)
HPRegen 0.14/turn               (no ring)
MPRegen 0.10/turn               (no ring)

@: tree-form, wereblooded
A: stationary, stasis, torment immunity, boosted hp, AC +5, unfitting armour,
(cold-blooded)
a: no special abilities


You were on level 3 of the Dungeon.
You were a tree.
You visited 1 branch of the dungeon, and saw 3 of its levels.

You collected 125 gold pieces.

Inventory:

Scrolls
 c - a scroll of enchant weapon {unknown}
 d - a scroll of fog {unknown}
 e - 3 scrolls of identify {unknown}
 f - a scroll of immolation {unknown}
 g - a scroll of magic mapping {unknown}
 j - 3 scrolls of teleportation {unknown}
 m - a scroll of silence {unknown}
Potions
 b - a potion of degeneration {unknown}
 h - 2 potions of mutation {unknown}
 i - 3 potions of heal wounds {unknown}
 k - a potion of curing {unknown}
 l - a potion of brilliance {unknown}


   Skills:
 - Level 1.1 Fighting
 - Level 1.7 Dodging
 * Level 3.8 Unarmed Combat
 + Level 2.4 Spellcasting
 * Level 3.1 Transmutations


You had 3 spell levels left.
You knew the following spells:

 Your Spells              Type           Power      Damage    Failure   Level
a - Beastly Appendage     Tmut           22%        N/A       6%          1
b - Wereblood             Tmut           11%        N/A       9%          2

Your spell library contained the following spells:

 Spells                   Type           Power      Damage    Failure   Level
 Shock                    Conj/Air       4%         1d3       22%         1
 Spider Form              Tmut/Pois      6%         N/A       32%         3
 Ozocubu's Armour         Ice            1%         N/A       54%         3
 Swiftness                Air            1%         N/A       54%         3
 Ice Form                 Ice/Tmut       6%         N/A       73%         4
 Airstrike                Air            0%         2d(1-17)  91%         4
 Animate Dead             Necr           1%         N/A       91%         4
 Borgnjor's Vile Clutch   Necr/Erth      0%         N/A       99%         5
 Death Channel            Necr           0%         N/A       100%        6
 Ozocubu's Refrigeration  Ice            0%         4d7       100%        7


Dungeon Overview and Level Annotations

Branches:
Dungeon (3/15)

Altars:


Innate Abilities, Weirdness & Mutations

You are a tree.
Your roots penetrate the ground, keeping you stationary.
You cannot be teleported.
You are immune to unholy pain and torment.
Your maximum health is greatly increased.
Your equipment is partially melded.
((Your plain brown scales are hard. (AC +5)))
You cannot fit into any form of body armour.
((You are cold-blooded and may be slowed by cold attacks.))


Message History

Your blood is infused with primal strength.
The bat hits you but does no damage. The orc wizard completely misses you.
The kobold hits you with a +0 whip. The quokka closely misses you.
The bat hits you but does no damage.
You barely miss the bat. The bat hits you but does no damage.
The orc wizard hits you but does no damage.
The kobold hits you but does no damage. The quokka barely misses you.
You barely miss the kobold. The bat barely misses you. The quokka bites you.
The orc wizard points at you and mumbles some strange words.
The puff of flame hits you.
* * * LOW HITPOINT WARNING * * *
The kobold barely misses you.
You barely miss the kobold. Your kick misses the kobold.
Your headbutt misses the kobold.
Your tail-slap misses the kobold.
The quokka bites you but does no damage.
The orc wizard mumbles some strange words.
The orc wizard flickers and vanishes!
Deactivating autopickup; reactivate with Ctrl-A.
The kobold closely misses you. The bat misses you.
Really quaff the potion of lignification?
Your horns disappear.
Your talons disappear.
You turn into a tree.
Your roots penetrate the ground.
The bat barely misses you.
The quokka bites you but does no damage.
Something hits you but does no damage. The kobold hits you with a +0 whip.
* * * LOW HITPOINT WARNING * * *
You smack the kobold!
You feel a bit better.
You kill the kobold!
The quokka bites you but does no damage.
The bat hits you.
* * * LOW HITPOINT WARNING * * *
You hear some strange, mumbled words.
A magic dart appears from out of thin air!
The magic dart hits you!
* * * LOW HITPOINT WARNING * * *
Your magical contamination has completely faded away.
You hit the bat.
You feel a bit better.
You kill the bat!
The quokka bites you.
You die...

#
.##......######...#
.# ...... ......
###.## #.# ...#
..<... #....##..#
..## .
......#..#..# ..#
###.#####)#.### ..#
#?# .##......## ...
###.###....#..#..#
.
#...){#...##.##.##
. #♣###....##.# .
#.r...#####.# .
#.###.##....# .
...#...##.#### .
#.###.#....# #
#$#.......## . #
#.#.....# #
.....##### . .....#


You could see a quokka.

Vanquished Creatures
  An adder (D:3)
  A worm (D:2)
  A dart slug (D:2)
  6 ball pythons
  7 endoplasms
  2 giant cockroaches
  3 goblins
  A hobgoblin (D:1)
  7 kobolds
  5 quokkas
  7 bats
  3 rats
44 creatures vanquished.

Notes
Turn   | Place    | Note
-------+----------+-------------------------------------------
     0 | D:1      | Zeldest the Draconian Transmuter began the quest for the
                  | Orb.
     0 | D:1      | Reached XP level 1. HP: 16/16 MP: 3/3
    72 | D:1      | Found a faded altar of an unknown god.
   231 | D:1      | Reached XP level 2. HP: 23/23 MP: 5/5
   891 | D:1      | Learned a level 2 spell: Wereblood
  1146 | D:2      | Reached XP level 3. HP: 28/28 MP: 2/6
  1797 | D:3      | Slain by a quokka

Illustrated notes

Levels and vault maps discovered:
D:1:      enne_arrival_octagon_isle, layout_basic, basic_ecumenical_altar,
          chequers_decorated_corner
D:2:      layout_rooms, minmay_misc_feat_chi
D:3:      layout_rooms, minmay_misc_feat_rows, minmay_quantized

Skill      XL: |  1  2  3 |
---------------+----------+-----
Transmutations | 3 |  3.1
Fighting       | |  1.1
Dodging        | |  1.7
Unarmed Combat | |  3.8
Spellcasting   | |  2.4

Action                   || total
-------------------------++-------
Melee: Unarmed           ||   120
       Punch             ||     4
       Tailslap          ||    15
       Kick              ||    12
       Headbutt          ||     6
 Cast: Beastly Appendage ||    11
       Wereblood         ||     6
  Use: Potion            ||     1
 Stab: Sleeping          ||     1
Armor: Skin              ||    67
Dodge: Dodged            ||    81
